 Dungeon Crawl Stone Soup version 0.21.0 (webtiles) character file.

213 inmateoo the Chopper (level 5, 0/48 HPs)
             Began as a Deep Dwarf Fighter on Jan 6, 2018.
             Was an Initiate of Makhleb.
             Killed by divine providence
             ... invoked by an orc priest
              (11 damage)
             ... on level 3 of the Dungeon.
             The game lasted 00:02:35 (1595 turns).

inmateoo the Chopper (Deep Dwarf Fighter)           Turns: 1595, Time: 00:02:36

Health: 0/48       AC:  6    Str: 25    XL:     5   Next: 59%
Magic:  5/5        EV:  7    Int:  9    God:    Makhleb [......]
Gold:   158        SH: 10    Dex: 12    Spells: 4/4 levels left

rFire    . . .     SeeInvis .   a - +0 war axe
rCold    . . .     Gourm    .   c - +0 shield
rNeg     . . .     Faith    .   b - +0 scale mail
rPois    .         Spirit   .   (no helmet)
rElec    .         Reflect  .   (no cloak)
rCorr    .         Harm     .   (no gloves)
MR       +....                  (no boots)
Stlth    ..........             (no amulet)
HPRegen  0.00/turn              (no ring)
MPRegen  0.09/turn              j - ring of protection from magic

@: mighty, lethally poisoned (0 -> 0), non-regenerating
A: damage resistance, heal wounds, sense surroundings 1, no regeneration
a: Heal Wounds, Renounce Religion


You were on level 3 of the Dungeon.
You worshipped Makhleb.
Makhleb was noncommittal.
You were hungry.

You visited 1 branch of the dungeon, and saw 3 of its levels.

You collected 158 gold pieces.

Inventory:

Hand Weapons
 a - a +0 war axe (weapon)
Armour
 b - a +0 scale mail (worn)
 c - a +0 shield (worn)
Jewellery
 j - a ring of protection from magic (right hand)
Scrolls
 g - a scroll of blinking {unknown}
 h - a scroll of enchant weapon {unknown}
 k - a scroll of teleportation {unknown}
 l - a scroll of enchant armour {unknown}
Potions
 e - 2 potions of curing
 i - a potion of invisibility
 q - a potion of resistance {unknown}
Comestibles
 f - 3 rations


   Skills:
 - Level 2.8 Fighting
 + Level 6.2 Axes
 - Level 3.5 Armour
 - Level 3.4 Shields


You had 4 spell levels left.
You didn't know any spells.

Dungeon Overview and Level Annotations

Branches:
Dungeon (3/15)

Altars:
Cheibriados
Kikubaaqudgha
Makhleb
Trog
Uskayaw
Vehumet
Xom
The Shining One


Innate Abilities, Weirdness & Mutations

You are resistant to damage.
You can heal yourself by infusing magical energy.
You passively map a small area around you.
You do not regenerate.


Message History

Beogh smites you!
* * * LOW HITPOINT WARNING * * *
The orc closely misses you. You block the orc's attack.
Unknown command.
You slash Terence!
You kill Terence!
Makhleb accepts your kill.
You barely miss the orc. You slash the orc!
You kill the orc!
Makhleb accepts your kill.
You barely miss the orc priest.
The orc priest calls upon Beogh to heal the orc.
The orc's wounds heal themselves!
The orc closely misses you.
Unknown command.
You completely miss the orc priest.
The orc priest is severely wounded.
Your shield and scale mail prevent you from hitting the orc.
The orc priest mumbles some strange prayers to Beogh against you.
Beogh smites you!
You die...

****,,,,,,,,,***,* *
*,,,,**.#.#...# ##
*,,,,**...#.#.# .#
*,,,,###..#.#.# .#
***,*#....#.#.###**##* .#
#,,*#.#..#.....##...** ##
#.**#.##............,** .#
##.###.##....)o......,,*
.###............@)......,,*
.##...#...##.....o......,,*
.#...##..##..#..........,**
.........##....#...##...**
..##.###.##..#######**##*
.#*#.# #.##..#
.###.###.##..#
.##..##..#...#
.#..#...##.#.*


You could see an orc priest and an orc.

Vanquished Creatures
  2 orc priests (D:3)
  Terence (D:3)
  An orc wizard (D:3)
  4 adders
  3 worms
  A dart slug (D:2)
  3 leopard geckos
  5 orcs (D:3)
  6 giant cockroaches
  5 hobgoblins
  2 jackals (D:2)
  3 quokkas (D:2)
  8 bats
  2 frilled lizards
  4 goblins
  3 kobolds (D:2)
  4 rats
57 creatures vanquished.

Notes
Turn   | Place    | Note
-------+----------+-------------------------------------------
     0 | D:1      | inmateoo the Deep Dwarf Fighter began the quest for the Orb.
     0 | D:1      | Reached XP level 1. HP: 20/20 MP: 1/1
   358 | D:1      | Reached XP level 2. HP: 27/27 MP: 2/2
   630 | D:2      | Reached skill level 3 in Axes
   765 | D:2      | Reached XP level 3. HP: 22/33 MP: 3/3
   854 | D:2      | Reached skill level 4 in Axes
  1146 | D:2      | Found a glowing golden altar of the Shining One.
  1154 | D:2      | Reached XP level 4. HP: 21/40 MP: 4/4
  1155 | D:2      | Found a burning altar of Makhleb.
  1155 | D:2      | Found a radiant altar of Vehumet.
  1155 | D:2      | Found a hide-covered altar of Uskayaw.
  1158 | D:2      | Found a snail-covered altar of Cheibriados.
  1160 | D:2      | Found a shimmering altar of Xom.
  1165 | D:2      | Became a worshipper of Makhleb the Destroyer
  1168 | D:2      | Found an ancient bone altar of Kikubaaqudgha.
  1169 | D:2      | Found a bloodstained altar of Trog.
  1531 | D:3      | Reached skill level 5 in Axes
  1587 | D:3      | Noticed Terence
  1591 | D:3      | Reached XP level 5. HP: 30/48 MP: 5/5
  1591 | D:3      | Reached skill level 6 in Axes
  1594 | D:3      | Killed Terence
  1595 | D:3      | Killed from afar by an orc priest

Skill      XL: |  1  2  3  4  5 |
---------------+----------------+-----
Axes           | 3 4 5 6 |  6.2
Fighting       | |  2.8
Armour         | |  3.5
Shields        | |  3.4

Action                   |  1- 3 |  4- 6 || total
-------------------------+-------+-------++-------
Melee: War axe           |   109 |    64 ||   173
 Abil: Heal Wounds       |       |     1 ||     1
  Use: Scroll            |       |     5 ||     5
       Potion            |       |     1 ||     1
  Eat: Chunk             |       |     2 ||     2
Armor: Scale mail        |    77 |    41 ||   118
Dodge: Dodged            |    45 |    35 ||    80
Block: Shield            |    67 |    43 ||   110
